 Dungeon Crawl Stone Soup version 0.31-a0-818-ge7c7cf74f0 (webtiles) character file.

Game seed: 11365525892176586459

290 greenreed the Trooper (level 6, -3/40 HPs)
             Began as a Gargoyle Monk on Sept 22, 2023.
             Was a Believer of Makhleb.
             Killed by divine providence
             ... invoked by an orc priest
              (11 damage)
             ... on level 3 of the Dungeon.
             The game lasted 00:03:49 (1643 turns).

greenreed the Trooper (Gargoyle Monk)               Turns: 1643, Time: 00:03:50

Health: -3/40      AC: 10    Str: 16    XL:     6   Next: 32%
Magic:  7/7        EV: 11    Int: 11    God:    Makhleb [**....]
Gold:   118        SH:  0    Dex: 12    Spells: 5/5 levels left

rFire   . . .        a - +0 mace
rCold   . . .        (no shield)
rNeg    + . .        g - +0 ring mail
rPois   ∞            (no helmet)
rElec   +            (no cloak)
rCorr   .            l - +0 pair of gloves
SInv    .            (no boots)
Will    .....        i - amulet of regeneration
Stlth   +            (no ring)
HPRegen 1.06/turn    (no ring)
MPRegen 0.10/turn

%: no passive effects
@: no status effects
A: sickness immunity, AC +4, negative energy resistance 1, electricity
resistance, torment resistance 1, petrification resistance
a: Renounce Religion, Minor Destruction


You were on level 3 of the Dungeon.
You worshipped Makhleb.
Makhleb was pleased with you.
You visited 1 branch of the dungeon, and saw 3 of its levels.

You collected 118 gold pieces.

Inventory:

Hand Weapons
 a - a +0 mace (weapon)
Armour
 d - an orb of light
 g - a +0 ring mail (worn)
 l - a +0 pair of gloves (worn)
Jewellery
 i - an amulet of regeneration (around neck)
Talismans
 b - a serpent talisman
Scrolls
 e - 3 scrolls of identify {unknown}
 n - a scroll of silence {unknown}
Potions
 c - a potion of ambrosia
 f - a potion of lignification {unknown}
 h - a potion of heal wounds {unknown}
 j - a potion of brilliance {unknown}
 k - a potion of mutation {unknown}
 m - a potion of resistance {unknown}


   Skills:
 * Level 5.0 Fighting
 * Level 4.4 Maces & Flails
 + Level 0.4 Armour
 - Level 3.5 Dodging
 + Level 2.0 Invocations


You had 5 spell levels left.
You didn't know any spells.
Your spell library was empty.

Dungeon Overview and Level Annotations

Branches:
Dungeon (3/15)

Altars:
Makhleb

Shops:
D:2 (


Innate Abilities, Weirdness & Mutations

You are immune to sickness and miasma.
Your stone body is resilient. (AC +4)
You are immune to poison.
You resist negative energy. (rN+)
You are resistant to electric shocks. (rElec)
You are resistant to unholy torment.
You are immune to petrification.


Message History

You barely miss Ijyb.
Ijyb is severely wounded.
An endoplasm comes into view.
Ijyb completely misses you.
Ijyb resists with some effort.
The endoplasm quivers.
Ijyb closely misses you.
The glob of acid hits Ijyb!
Ijyb seems to be corroded for longer.
You kill Ijyb!
Makhleb accepts your kill.
A rat comes into view.
Your Fighting skill increases to level 5!
You fail to use your ability.
The orc hits you but does no damage.
The orc writhes in agony.
The orc hits you with a +0 morningstar!
The glob of acid hits the orc!
The acid corrodes the orc!
You kill the orc!
Makhleb accepts your kill.
You feel better.
The orc priest mumbles some strange prayers to Beogh against you.
Beogh smites you!
You are too injured to fight recklessly!
You are too injured to fight recklessly!
You barely miss the endoplasm.
The endoplasm hits you but does no damage.
You barely miss the endoplasm. The endoplasm closely misses you.
You hit the endoplasm.
The endoplasm is heavily wounded.
The endoplasm hits you.
You hit the endoplasm.
You kill the endoplasm!
Makhleb accepts your kill.
The orc priest calls down the wrath of Beogh upon you.
Beogh smites you!
* * * LOW HITPOINT WARNING * * *
The rat completely misses you.
Your Invocations skill increases to level 2!
The rat attacks as it pursues you! The rat closely misses you.
The orc priest invokes the aid of Beogh against you.
Beogh smites you!
You die...

.. ..... #.##..#
#.....# ####o## #o# #.#
#.# ########### #r#
#.........# #@#
#.......#.# #.#
#.#####.#.###.## #.#
#.....##...#.# #.#
#.#...#......#. ..
###.###.#............#
.
#...........###.##.#...
.## #.#.......### #.#
..... ... #.###.....#
#.# #### #.#


You could see an orc priest, an orc and a rat.

Vanquished Creatures
  Sigmund (D:2)
  Ijyb (D:3)
  Robin (D:2)
  An adder (D:2)
  2 dart slugs
  An orc (D:3)
  4 ball pythons
  7 endoplasms
  4 giant cockroaches
  11 goblins
  8 hobgoblins
  14 jackals
  4 kobolds
  6 bats
  5 frilled lizards
  7 rats
77 creatures vanquished.

Notes
Turn   | Place    | Note
-------+----------+-------------------------------------------
     0 | D:1      | greenreed the Gargoyle Monk began the quest for the Orb.
     0 | D:1      | Reached XP level 1. HP: 14/14 MP: 1/1
    28 | D:1      | Found a faded altar of an unknown god.
    84 | D:1      | Reached XP level 2. HP: 19/19 MP: 2/2
   251 | D:1      | Reached XP level 3. HP: 24/24 MP: 3/3
   702 | D:2      | Found Buvvast's Antique Weapon Boutique.
   731 | D:2      | Reached skill level 4 in Fighting
   867 | D:2      | Reached XP level 4. HP: 29/29 MP: 4/4
  1013 | D:2      | Noticed Robin
  1015 | D:2      | Noticed Sigmund
  1035 | D:2      | Killed Robin
  1065 | D:2      | Found a burning altar of Makhleb.
  1180 | D:2      | Became a worshipper of Makhleb the Destroyer
  1180 | D:2      | Reached * piety under Makhleb
  1180 | D:2      | Reached ** piety under Makhleb
  1254 | D:2      | Killed Sigmund
  1255 | D:2      | Reached skill level 1 in Invocations
  1255 | D:2      | Reached XP level 5. HP: 34/34 MP: 4/6
  1255 | D:2      | Reached XP level 6. HP: 40/40 MP: 4/7
  1617 | D:3      | Noticed Ijyb
  1632 | D:3      | Killed Ijyb
  1633 | D:3      | Reached skill level 5 in Fighting
  1643 | D:3      | Killed from afar by an orc priest

Illustrated notes

Levels and vault maps discovered:
D:1:      minmay_arrival_plants_in_alcoves, layout_rooms,
          hellmonk_ecumenical_altar_pennies_from_heaven
D:2:      layout_loops_ring, serial_shops, shop, basic_altar, uniq_sigmund,
          uniq_robin
D:3:      layout_loops_corners, mainiacjoe_overflow_alcove_1,
          overflow_temple_1_default, general_overflow_altar, uniq_ijyb

Skill      XL: |  1  2  3  4  5  6 |
---------------+-------------------+-----
Fighting       | 4 5 |  5.0
Dodging        | 3 |  3.5
Maces & Flails | 4 |  4.4
Invocations    | 1 2 |  2.0
Armour         | |  0.4

Action                     |  1- 3 |  4- 6 || total
---------------------------+-------+-------++-------
  Melee: Mace              |   112 |    70 ||   182
 Invoke: Minor Destruction |       |    17 ||    17
 Armour: Ring mail         |    78 |    44 ||   122
  Dodge: Dodged            |    64 |    48 ||   112

Table legend: (Time is in decaauts)
 A = Elapsed time spent in this place.
 B = Non-inter-level travel time spent in this place.
 C = Inter-level travel time spent in this place.
 D = Time resting spent in this place.
 E = Time spent auto-exploring this place.
 F = Levels seen in this place.
 G = Mean time per level.
                   A        B        C        D        E       F      G
               +--------+--------+--------+--------+--------+-----+--------+
         Total |   1684 |   1578 |    106 |      0 |   1117 |   3 |  561.3 |
       Dungeon |   1684 |   1578 |    106 |      0 |   1117 |   3 |  561.3 |
               +--------+--------+--------+--------+--------+-----+--------+

Top non-repeatable levels by time:
     D:2: 813 daAuts
     D:1: 653 daAuts
     D:3: 217 daAuts
